 Dungeon Crawl Stone Soup version 0.19.1 (webtiles) character file.

375 nikopol the Skirmisher (level 6, -16/84 HPs)
             Began as a Minotaur Berserker on Nov 28, 2016.
             Was a Priest of Trog.
             Demolished by an ogre
             ... wielding a +0 giant club
              (29 damage)
             ... on level 4 of the Dungeon on Dec 1, 2016.
             The game lasted 00:07:59 (2834 turns).

nikopol the Skirmisher (Minotaur Berserker)         Turns: 2834, Time: 00:08:00

Health: -16/84     AC:  5    Str: 26    XL:     6   Next: 44%
Magic:  5/5        EV: 13    Int:  4    God:    Trog [***...]
Gold:   255        SH:  0    Dex: 12    Spells: 0 memorised, 5 levels left

rFire  . . .     SeeInvis .     a - +0 hand axe
rCold  . . .     Gourm    .     n - +0 ring mail (curse)
rNeg   . . .     Faith    .     (no shield)
rPois  .         Spirit   .     (helmet restricted)
rElec  .         Reflect  .     (no cloak)
rCorr  .         Harm     .     (no gloves)
MR     .....                    (no boots)
Stlth  ..........               (no amulet)
                                (no ring)
                                (no ring)

@: berserking, very quick
A: retaliatory headbutt, horns 2
a: Berserk, Trog's Hand, Burn Spellbooks, Renounce Religion


You were on level 4 of the Dungeon.
You worshipped Trog.
Trog was most pleased with you.
You were hungry.

You visited 1 branch of the dungeon, and saw 4 of its levels.

You collected 255 gold pieces.

Inventory:

Hand Weapons
 a - a +0 hand axe (weapon)
Missiles
 i - 34 arrows (quivered)
Armour
 b - a +0 animal skin
 j - a +0 leather armour
 n - a cursed +0 ring mail (worn)
Jewellery
 t - a +1 ring of evasion {unknown}
Scrolls
 d - a scroll of immolation {unknown}
 e - 9 scrolls of identify {unknown}
 f - 2 scrolls of noise {unknown}
 l - 2 scrolls of remove curse {unknown}
 m - a scroll of random uselessness {unknown}
 o - 2 scrolls of recharging {unknown}
 v - a scroll of teleportation {unknown}
 x - a scroll of fog {unknown}
 y - a scroll of fear {unknown}
Potions
 g - 2 potions of curing {unknown}
 k - a potion of brilliance {unknown}
 p - a potion of agility {unknown}
 q - a potion of invisibility
 r - a potion of degeneration {unknown}
 u - a potion of cure mutation {unknown}
 w - a potion of lignification {unknown}
 z - a potion of heal wounds {unknown}
Comestibles
 c - 4 bread rations
 h - 2 beef jerkies
 s - 2 chunks of flesh


   Skills:
 + Level 5.6 Fighting
 + Level 5.4 Axes
 + Level 4.3 Armour
 + Level 4.1 Dodging


You had 5 spell levels left.
You didn't know any spells.

Dungeon Overview and Level Annotations

Branches:
Dungeon (4/15)
 Temple: D:4-7

Altars:
Okawaru


Innate Abilities, Weirdness & Mutations

You reflexively headbutt those who attack you in melee.
You have a pair of horns on your head.


Message History

A red film seems to cover your vision as you go berserk!
You feel yourself moving faster!
You feel mighty!
You are feeling hungry.
The orc priest invokes the aid of Beogh against you.
Beogh smites you!
* * * LOW HITPOINT WARNING * * *
The ogre closely misses you. The orc closely misses you.
You furiously retaliate!
You headbutt the orc!
You kill the orc!
Trog accepts your kill.
You hear a shout!
You barely miss the ogre.
The ogre is heavily wounded.
You hit the orc priest but do no damage.
The orc priest closely misses you.
You barely miss the ogre. You headbutt the ogre!
The ogre is almost dead.
You barely miss the orc. You closely miss the orc priest.
The ogre hits you with a giant club!!
You die...

#. #.## # ....##
#.####.#..######.
##.#....##........
#.......##..o...o.
##......oo#)#
.........@Oo#
#....)).###
##.....## #.....#
#....... #.......#
#.......#
##.....## .....##


You could see an ogre, an orc priest and 3 orcs.

Vanquished Creatures
  An ogre (D:4)
  A howler monkey (D:4)
  An orc wizard (D:4)
  Robin (D:3)
  6 adders
  6 gnolls
  2 worms
  3 dart slugs
  3 leopard geckos
  2 orcs (D:4)
  9 bats
  5 giant cockroaches
  22 goblins
  11 hobgoblins
  3 jackals (D:1)
  4 kobolds
  2 quokkas (D:2)
  2 ball pythons (D:3)
  3 frilled lizards
  6 rats
93 creatures vanquished.

Notes
Turn   | Place    | Note
-------+----------+-------------------------------------------
     0 | D:1      | nikopol the Minotaur Berserker began the quest for the Orb.
     0 | D:1      | Reached XP level 1. HP: 19/19 MP: 0/0
    40 | D:1      | Reached XP level 2. HP: 18/27 MP: 1/1
   197 | D:1      | Found an iron altar of Okawaru.
   975 | D:2      | Reached XP level 3. HP: 26/33 MP: 2/2
  1334 | D:2      | Reached XP level 4. HP: 36/41 MP: 3/3
  1456 | D:2      | Reached ** piety under Trog
  1825 | D:3      | Noticed Robin
  1829 | D:3      | Reached XP level 5. HP: 47/47 MP: 4/4
  1832 | D:3      | Reached skill level 5 in Fighting
  1837 | D:3      | Killed Robin
  1919 | D:3      | Reached skill level 5 in Axes
  2486 | D:3      | Reached *** piety under Trog
  2563 | D:4      | Noticed an ogre
  2569 | D:4      | Killed an ogre
  2569 | D:4      | Reached XP level 6. HP: 28/56 MP: 5/5
  2834 | D:4      | Demolished by an ogre

Skill      XL: |  1  2  3  4  5  6 |
---------------+-------------------+-----
Fighting       | 4 5 |  5.6
Axes           | 4 5 |  5.4
Armour         | 3 4 |  4.3
Dodging        | 3 4 |  4.1

Action                   |  1- 3 |  4- 6 || total
-------------------------+-------+-------++-------
Melee: Hand axe          |    64 |   120 ||   184
       Headbutt          |     9 |    16 ||    25
Invok: Berserk           |     1 |     5 ||     6
  Eat: Chunk             |     2 |     9 ||    11
Armor: Animal skin       |     4 |       ||     4
       Leather armour    |     5 |       ||     5
       Ring mail         |       |    45 ||    45
Dodge: Dodged            |    43 |    90 ||   133
